 Dungeon Crawl Stone Soup version 0.29-a0-2-g12fcac58f8 (webtiles) character file.

Game seed: 3762567859696855085

8733 mathmaestro the Grappler (level 11, -3/111 HPs)
             Began as a Troll Monk on Jan 26, 2022.
             Slain by badtown22's ghost (22 damage)
             ... on level 7 of the Dungeon.
             The game lasted 00:18:42 (9357 turns).

mathmaestro the Grappler (Troll Monk)               Turns: 9357, Time: 00:18:43

Health: -3/111     AC:  7    Str: 25    XL:     11   Next: 13%
Magic:  10/10      EV: 11    Int:  6    God:
Gold:   652        SH:  0    Dex: 12    Spells: 10/10 levels left

rFire   + . .      SeeInvis .     - Unarmed
rCold   . . .      Faith    .   (no shield)
rNeg    . . .      Spirit   .   w - +2 robe {Will+}
rPois   .          Reflect  .   (helmet restricted)
rElec   .          Harm     .   D - +0 cloak
rCorr   .          Rampage  .   (gloves unavailable)
Will    +....                   (boots unavailable)
Stlth   ++........              (no amulet)
HPRegen 1.08/turn               z - ring of protection from fire
MPRegen 0.12/turn               (no ring)

@: lethally poisoned (-3 -> -5)
A: large, unfitting armour, claws 3, regeneration 1, shaggy fur 1, tough skin 1
a: no special abilities


You were on level 7 of the Dungeon.
You visited 3 branches of the dungeon, and saw 12 of its levels.
You also visited: Sewer.

You collected 652 gold pieces.

Inventory:

Missiles
 b - 250 stones
 d - 194 arrows
 f - 26 sling bullets
 i - 24 poisoned darts
 k - 11 javelins (quivered)
 p - 112 bolts
 K - 3 boomerangs of dispersal
Armour
 w - a +2 robe of willpower (worn)
 D - a +0 cloak (worn)
Jewellery
 a - a +6 ring of intelligence
 z - a ring of protection from fire (left claw)
Wands
 q - a wand of paralysis (17)
 r - a wand of flame (12)
 t - a wand of iceblast (6)
 v - a wand of charming (3)
 F - a wand of acid (4)
Scrolls
 g - 2 scrolls of immolation
 x - a scroll of fear
 y - a scroll of identify
 B - 2 scrolls of magic mapping {unknown}
 C - 3 scrolls of teleportation {unknown}
 E - a scroll of fog {unknown}
Potions
 c - 2 potions of lignification
 e - 5 potions of flight
 j - 4 potions of heal wounds
 m - 2 potions of might
 n - 2 potions of ambrosia
 o - a potion of berserk rage
 u - a potion of cancellation
 G - a potion of brilliance {unknown}
 H - a potion of curing {unknown}
 J - a potion of haste {unknown}
Miscellaneous
 I - a condenser vane


   Skills:
 + Level 8.0 Fighting
 + Level 6.8 Throwing
 - Level 5.0 Dodging
 - Level 1.0 Stealth
 + Level 9.6 Unarmed Combat
 + Level 5.5 Evocations


You had 10 spell levels left.
You didn't know any spells.
Your spell library contained the following spells:

 Spells                   Type           Power      Damage    Failure   Level
 Ensorcelled Hibernation  Hex/Ice        0%         N/A       58%         2
 Dazzling Flash           Conj/Hex       0%         N/A       83%         3
 Spider Form              Tmut/Pois      0%         N/A       83%         3
 Anguish                  Hex/Necr       0%         N/A       99%         4
 Iskenderun's Mystic Bla  Conj/Tloc      0%         2d3       99%         4
 Summon Forest            Summ/Tloc      0%         N/A       100%        5
 Summon Mana Viper        Hex/Summ       0%         N/A       100%        5
 Starburst                Conj/Fire      0%         6d3       100%        6
 Summon Cactus Giant      Summ           0%         N/A       100%        6


Dungeon Overview and Level Annotations

Branches:
Dungeon (10/15)            Temple (1/1) D:6            Lair (1/6) D:8
    Orc (0/2) D:10          Sewer (visited)

Altars:
Ashenzari
Cheibriados
Dithmenos
Elyvilon
Fedhas
Gozag
Hepliaklqana
Kikubaaqudgha
Makhleb
Nemelex Xobeh
Okawaru
Qazlal
Ru
Sif Muna
Trog
Uskayaw
Vehumet
Wu Jian
Xom
Yredelemnul
Zin
The Shining One

Annotations:
D:7 badtown22's ghost, novice FeFi


Innate Abilities, Weirdness & Mutations

You are too large for most types of armour.
You have claws for hands.
Your natural rate of healing is unusually fast.
You are covered in fur. (AC +1)
You have tough skin. (AC +1)


Message History

The floor.
Search for what [Enter for "long blade", or ? for help]?
You open the door. The +1 hand axe of chaos hits you!
You are poisoned.
You feel very sick.
You feel very sick. The +1 hand axe of chaos hits you.
The +1 hand axe of chaos freezes you.
You feel sick.
The +1 hand axe of chaos hits you but does no damage.
You closely miss the +1 hand axe of chaos.
You feel sick. The +1 hand axe of chaos hits you!
You are more poisoned.
You barely miss the +1 hand axe of chaos.
You feel very sick. The +1 hand axe of chaos hits you!
The +1 hand axe of chaos burns you.
You closely miss the +1 hand axe of chaos.
You feel sick. The +1 hand axe of chaos hits you.
The +1 hand axe of chaos hits you!
You are more poisoned.
You miss the +1 hand axe of chaos.
You feel very sick. The +1 hand axe of chaos hits you!
* * * LOW HITPOINT WARNING * * *
The +1 hand axe of chaos burns you.
* * * LOW HITPOINT WARNING * * *
You mangle the +1 hand axe of chaos!!
The +1 hand axe of chaos falls from the air.
You feel very sick.
Your Fighting skill increases to level 8!
You miss badtown22's ghost.
You feel very sick. Badtown22's ghost barely misses you.
You completely miss badtown22's ghost.
You feel sick. Badtown22's ghost barely misses you.
You completely miss badtown22's ghost.
You feel sick.
You mangle badtown22's ghost!!
Badtown22's ghost is severely damaged.
You feel sick. Badtown22's ghost hits you!!
You die...

#.# #.##......# #...
###.# #.##.#.##.# #...
###...###.##...##.# ####
#.........#######.# ### #
..........#######.###.##
#
..................##)_.#
#
#.#.#######.....#####'###
###.# #.....###.....# #.#
#.....@W......# ###.#
########....### '...#
###### ##### #


You could see badtown22's ghost.

Vanquished Creatures
  A centaur warrior (D:9)
  A dancing weapon (D:7)
  A two-headed ogre (D:8)
  A centaur zombie (D:10)
  The ghost of hatsuma the Ruffian, an amateur DrTm of Uskayaw (D:5)
  Prince Ribbit (D:8)
  A wraith (D:10)
  4 wyverns
  4 yaks (D:10)
  2 steam dragons
  Menkaure (D:6)
  5 water moccasins (D:7)
  Duvessa (D:5)
  An ice beast (D:7)
  A sky beast (D:7)
  An orc warrior (D:9)
  6 black bears
  A wolf (D:8)
  2 necrophages (D:7)
  An ogre (D:4)
  5 centaurs
  3 kobold brigands
  4 bullfrogs
  A gnoll sergeant (D:7)
  2 wyvern skeletons (D:6)
  5 scorpions
  Dowan (D:5)
  6 killer bees
  6 wights (D:10)
  4 howler monkeys
  2 centaur skeletons
  Crazy Yiuf (D:7)
  2 hounds
  An orc priest (D:9)
  A gnoll shaman (D:6)
  2 iguanas
  2 bullfrog skeletons
  3 orc wizards
  A scorpion zombie (D:5)
  Robin (D:3)
  A howler monkey zombie (D:9)
  8 adders
  17 gnolls
  2 river rats (Sewer)
  A shadow imp (D:6)
  A white imp (D:6)
  An ufetubus (D:5)
  An adder skeleton (D:4)
  2 worms (D:3)
  4 dart slugs
  12 orcs
  9 endoplasms
  8 goblins
  4 hobgoblins
  4 jackals
  13 kobolds
  5 quokkas
  3 ball pythons
  7 bats
  2 frilled lizards
  5 rats
200 creatures vanquished.

Vanquished Creatures (others)
  2 fungi (D:8)
  6 plants (D:8)
8 creatures vanquished.

Grand Total: 208 creatures vanquished

Notes
Turn   | Place    | Note
-------+----------+-------------------------------------------
     0 | D:1      | mathmaestro the Troll Monk began the quest for the Orb.
     0 | D:1      | Reached XP level 1. HP: 22/22 MP: 0/0
     2 | D:1      | Noticed a felid
     2 | D:1      | Noticed a vine stalker
     4 | D:1      | Noticed a dwarf
     6 | D:1      | Noticed a demonspawn
     8 | D:1      | Noticed a tengu
    10 | D:1      | Noticed an octopode
    12 | D:1      | Noticed a formicid
    14 | D:1      | Noticed a merfolk
    14 | D:1      | Noticed a spriggan
    16 | D:1      | Noticed a naga
    16 | D:1      | Noticed a gargoyle
    18 | D:1      | Noticed an elf
    18 | D:1      | Noticed a minotaur
    20 | D:1      | Noticed a vampire
    20 | D:1      | Noticed a draconian
    22 | D:1      | Noticed a troll
    22 | D:1      | Noticed a ghoul
    24 | D:1      | Noticed an ogre
    24 | D:1      | Noticed a human
    26 | D:1      | Noticed a demigod
    39 | D:1      | Found a faded altar of an unknown god.
   101 | D:1      | Reached XP level 2. HP: 27/29 MP: 1/1
   339 | D:1      | Reached XP level 3. HP: 35/36 MP: 2/2
   809 | D:2      | Noticed a scorpion
   824 | D:2      | Killed a scorpion
   825 | D:2      | Reached XP level 4. HP: 6/45 MP: 3/3
   829 | D:2      | HP: 3/67 [poisoned by a scorpion]
   834 | D:2      | HP: 3/67 [poisoned by a scorpion]
   944 | D:2      | Reached skill level 4 in Unarmed Combat
  1510 | D:3      | Reached XP level 5. HP: 53/53 MP: 4/4
  1574 | D:3      | Found a glowing drain.
  1583 | Sewer    | Entered a sewer
  1663 | Sewer    | Reached skill level 5 in Unarmed Combat
  1663 | Sewer    | Reached XP level 6. HP: 43/62 MP: 5/5
  1705 | Sewer    | Found a white marble altar of Elyvilon.
  2088 | D:3      | Noticed Robin
  2101 | D:3      | Killed Robin
  2184 | D:3      | Found a stormy altar of Qazlal.
  2373 | D:4      | Found a glowing golden altar of the Shining One.
  2394 | D:4      | Found an opulent altar of Gozag.
  2521 | D:4      | Reached XP level 7. HP: 22/71 MP: 6/6
  2714 | D:4      | Reached skill level 5 in Fighting
  2719 | D:4      | Reached skill level 1 in Throwing
  2721 | D:4      | Reached skill level 6 in Unarmed Combat
  3223 | D:5      | Entered Level 5 of the Dungeon
  3272 | D:5      | Reached skill level 1 in Evocations
  3489 | D:5      | Reached XP level 8. HP: 19/80 MP: 7/7
  3710 | D:5      | Noticed Duvessa
  3710 | D:5      | Noticed Dowan
  3731 | D:5      | Killed Duvessa
  3745 | D:5      | Killed Dowan
  3825 | D:5      | Found a runed translucent door.
  3825 | D:5      | Noticed hatsuma's ghost (amateur DrTm)
  3849 | D:5      | Killed hatsuma's ghost
  4357 | D:6      | Found a staircase to the Ecumenical Temple.
  4374 | Temple   | Entered the Ecumenical Temple
  4550 | D:6      | Found the +18 Lear's hauberk
  4676 | D:6      | Reached skill level 7 in Unarmed Combat
  4778 | D:6      | Noticed Menkaure
  4783 | D:6      | Killed Menkaure
  4784 | D:6      | Reached XP level 9. HP: 89/89 MP: 8/8
  5215 | D:7      | Found a white marble altar of Elyvilon.
  5612 | D:7      | Reached skill level 5 in Dodging
  5814 | D:7      | Found a runed translucent door.
  5815 | D:7      | Found a shimmering altar of Xom.
  5815 | D:7      | Noticed badtown22's ghost (novice FeFi)
  5815 | D:7      | Noticed a +1 hand axe of chaos
  5855 | D:7      | Found a runed translucent door.
  5856 | D:7      | Noticed Crazy Yiuf
  6053 | D:7      | Killed Crazy Yiuf
  6296 | D:8      | Noticed a two-headed ogre
  6316 | D:8      | Killed a two-headed ogre
  6317 | D:8      | Reached skill level 8 in Unarmed Combat
  6462 | D:7      | Reached skill level 5 in Throwing
  6465 | D:8      | Noticed Prince Ribbit
  6473 | D:7      | Reached XP level 10. HP: 74/100 MP: 9/9
  6568 | D:8      | Found a staircase to the Lair.
  6717 | D:8      | Killed Prince Ribbit
  7130 | D:9      | Noticed a centaur warrior
  7432 | D:9      | Killed a centaur warrior
  7433 | D:9      | Reached skill level 9 in Unarmed Combat
  7433 | D:9      | Reached skill level 5 in Evocations
  7649 | D:10     | Entered Level 10 of the Dungeon
  7673 | D:10     | Found a staircase to the Orcish Mines.
  8491 | D:10     | Reached XP level 11. HP: 102/111 MP: 10/10
  9273 | Lair:1   | Entered Level 1 of the Lair of Beasts
  9353 | D:7      | Killed a +1 hand axe of chaos
  9357 | D:7      | Slain by badtown22's ghost

Illustrated notes

Levels and vault maps discovered:
D:1:      kb_arrival_jail, layout_rooms, ebering_ecumenical_altar_webs,
          chequers_serial_rivers_micro_d, hangedman_decor_opposing
D:2:      layout_basic
D:3:      minmay_door_path, layout_loops_ring, nicolae_qazlal_eye_of_the_storm,
          cheibrodos_sewer_entry_bend, uniq_robin
D:4:      layout_cave_pods, minitemple
D:5:      layout_basic, gammafunk_ghost_grave, uniq_duvessa
D:6:      layout_loops_cross, minmay_temple_entry_offerings, uniq_menkaure
D:7:      layout_basic, old_standard_altar, ebering_ghost_xom,
          uniq_crazy_yiuf_cottage
D:8:      layout_rooms, minmay_lair_entry_grove, uniq_prince_ribbit1
D:9:      layout_small_grid
D:10:     layout_layer_cave, orc_0_dummy
Temple:   regret_index_temple_mists
Lair:1:   layout_layer_cave

Skill      XL: |  1  2  3  4  5  6  7  8  9 10 11 |
---------------+----------------------------------+-----
Fighting       | 3 4 5 6 7 8 |  8.0
Dodging        | 3 4 5 |  5.0
Unarmed Combat | 4 5 6 7 8 9 |  9.6
Throwing       | 2 3 5 6 |  6.8
Evocations     | 1 2 4 5 |  5.5
Stealth        | |  1.0

Action                   |  1- 3 |  4- 6 |  7- 9 | 10-12 || total
-------------------------+-------+-------+-------+-------++-------
Melee: Unarmed           |    77 |   107 |   315 |   213 ||   712
       Punch             |       |     4 |     6 |    10 ||    20
Throw: Javelin           |       |       |     1 |       ||     1
  Use: Scroll            |       |     2 |       |    10 ||    12
       Potion            |       |     1 |       |       ||     1
 Stab: Sleeping          |     3 |     3 |     3 |       ||     9
Armor: Robe              |    43 |    22 |    89 |   106 ||   260
Dodge: Dodged            |    49 |    49 |   158 |   177 ||   433

Table legend: (Time is in decaauts)
 A = Elapsed time spent in this place.
 B = Non-inter-level travel time spent in this place.
 C = Inter-level travel time spent in this place.
 D = Time resting spent in this place.
 E = Time spent auto-exploring this place.
 F = Levels seen in this place.
 G = Mean time per level.
                   A        B        C        D        E       F      G
               +--------+--------+--------+--------+--------+-----+--------+
         Total |   9365 |   8914 |    451 |    849 |   6256 |  13 |  720.4 |
       Dungeon |   8949 |   8521 |    428 |    849 |   5947 |  10 |  894.9 |
        Temple |    224 |    202 |     22 |      0 |    179 |   1 |  224.0 |
          Lair |      4 |      4 |      0 |      0 |      0 |   1 |    4.0 |
         Sewer |    187 |    187 |      0 |      0 |    130 |   1 |  187.0 |
               +--------+--------+--------+--------+--------+-----+--------+

Top non-repeatable levels by time:
    D:10: 1326 daAuts
     D:7: 1220 daAuts
     D:5: 1092 daAuts
     D:4: 963 daAuts
     D:9: 919 daAuts
     D:3: 881 daAuts
     D:2: 747 daAuts
     D:6: 708 daAuts
     D:8: 635 daAuts
     D:1: 455 daAuts
  Temple: 224 daAuts
   Sewer: 187 daAuts
  Lair:1: 4 daAuts
